 Dungeon Crawl Stone Soup version 0.24.1-14-gf8d2b50 (webtiles) character file.

Game seed: 16052350935280196664, levelgen mode: deterministic

404533 foamingjetty the Conqueror (level 22, 0/349 HPs)
             Began as a Minotaur Berserker on June 4, 2020.
             Was a High Priest of Trog.
             Killed by the air
             ... invoked by a titan
              (19 damage)
             ... on level 5 of the Vaults on June 5, 2020.
             The game lasted 12:30:29 (38473 turns).

foamingjetty the Conqueror (Minotaur Berserker)    Turns: 38473, Time: 12:30:30

Health: 0/349      AC: 31    Str: 29    XL:     22   Next: 34%
Magic:  21/21      EV:  2    Int: 11    God:    Trog [*****.]
Gold:   4448       SH: 17    Dex: 13    Spells: 21/21 levels left

rFire    . . .     SeeInvis +   K - +9 demon trident (elec)
rCold    + . .     Gourm    +   d - +2 shield {rPois}
rNeg     + + +     Faith    .   (armour currently unavailable)
rPois    +         Spirit   .   (helmet currently unavailable)
rElec    .         Reflect  .   (cloak currently unavailable)
rCorr    .         Harm     .   (gloves currently unavailable)
MR       +....     NoTele   +   (boots currently unavailable)
Stlth    ++........             C - amulet of the gourmand
HPRegen  1.68/turn              a - ring of Trepidation {rC+ rN+ Int+7}
MPRegen  0.17/turn              Y - ring of see invisible

@: tree-form, vulnerable, berserk cooldown, regenerating, studying Slings
A: (retaliatory headbutt)
}: 2/15 runes: serpentine, barnacled
a: Berserk, Trog's Hand, Brothers in Arms, Renounce Religion


You were on level 5 of the Vaults.
You worshipped Trog.
Trog was extremely pleased with you.
You were hungry.
You were a tree.
You visited 8 branches of the dungeon, and saw 38 of its levels.
You also visited: Gauntlet, Ice Cave and Volcano.

You collected 4448 gold pieces.

Inventory:

Hand Weapons
 g - the +8 trident "Killer Bee's Foe" {pierce, +Blink rPois}
   (Trog gifted it to you on level 1 of the Vaults)

   It inflicts extra damage upon your enemies.
   It protects you from poison.
   It lets you blink.
 k - the +3 sling "Punk" {acid, rCorr}
   (Trog gifted it to you on level 3 of the Vaults)

   It provides partial protection from all sources of acid and corrosion.
 K - a +9 demon trident of electrocution (weapon)
 T - the +8 trident of the Octopus King {venom, rElec rPois MR+}
   (You found it in a Gauntlet)

   It poisons the flesh of those it strikes.
   It insulates you from electricity.
   It protects you from poison.
   It affects your resistance to hostile enchantments.
Missiles
 f - 62 silver javelins (quivered)
 l - 90 poisoned darts
 o - 4 datura-tipped darts
 V - 14 atropa-tipped darts
Armour
 d - a +2 shield of poison resistance (worn)
 s - quicksilver dragon scales
 u - quicksilver dragon scales (melded)
 y - a scarf of resistance (melded)
 z - a +1 pair of boots of running (melded)
 H - a +1 pair of gloves
 L - a +2 hat (melded)
 Q - the +3 pair of gloves of Baldness (melded) {rElec rCorr Str-3}
   (You found it on level 1 of the Elven Halls)

   It affects your strength (-3).
   It insulates you from electricity.
   It provides partial protection from all sources of acid and corrosion.
Jewellery
 a - the ring of Trepidation (left branch) {rC+ rN+ Int+7}
   (You found it in a Gauntlet)

   [ring of positive energy]

   It affects your intelligence (+7).
   It protects you from cold.
   It protects you from negative energy.
 C - an amulet of the gourmand (around neck)
 D - an uncursed ring of protection from fire
 M - an uncursed ring of protection from cold
 X - the ring "Saus" {MR++ rCorr Str+2 Int+4 Stlth-}
   (You found it in a Gauntlet)

   [ring of resist corrosion]

   It affects your strength (+2).
   It affects your intelligence (+4).
   It affects your resistance to hostile enchantments.
   It provides partial protection from all sources of acid and corrosion.
   It makes you less stealthy.
 Y - a ring of see invisible (right branch)
Wands
 e - a wand of digging (6)
 i - a wand of acid (29)
 G - a wand of scattershot (4)
 O - a wand of iceblast (47)
 W - a wand of paralysis (29)
 Z - a wand of disintegration (31)
Scrolls
 h - 20 scrolls of teleportation
 r - 2 scrolls of enchant armour
 t - 2 scrolls of fog
 w - 11 scrolls of remove curse
 x - a scroll of torment {unknown}
 A - 2 scrolls of enchant weapon
 J - 3 scrolls of identify
 U - 2 scrolls of magic mapping
Potions
 j - 5 potions of might
 n - 11 potions of curing
 p - 2 potions of haste
 q - a potion of resistance
 v - 7 potions of agility
 E - 2 potions of flight
 I - 2 potions of invisibility
 N - 8 potions of lignification
 R - a potion of magic
Books
 m - a manual of Slings
Miscellaneous
 b - 2 phantom mirrors
 F - a phial of floods (inert)
Comestibles
 c - 66 rations


   Skills:
 O Level 27 Fighting
 - Level 14.0 Polearms
 + Level 1.3(4.3) Slings
 - Level 5.9(6.0) Throwing
 + Level 22.7 Armour
 - Level 13.9 Dodging
 - Level 2.0 Stealth
 - Level 16.8 Shields
 - Level 1.0 Evocations


You had 21 spell levels left.
You didn't know any spells.
Your spell library contained the following spells:

 Spells                   Type           Power        Failure   Level  Hunger
 Summon Small Mammal      Summ           #...         34%         1    ##.....
 Call Imp                 Summ           #.......     47%         2    ###....
 Call Canine Familiar     Summ           #.......     71%         3    ####...
 Summon Guardian Golem    Hex/Summ       #.......     71%         3    ####...
 Summon Ice Beast         Ice/Summ       #.......     98%         4    #####..
 Summon Lightning Spire   Summ/Air       #.......     98%         4    #####..


Dungeon Overview and Level Annotations

Branches:
Dungeon (15/15)            Temple (1/1) D:5            Lair (6/6) D:11
 Shoals (4/4) Lair:2        Snake (4/4) Lair:2        Slime (0/5) Lair:6
    Orc (2/2) D:11            Elf (1/3) Orc:2        Vaults (5/5) D:13
  Crypt (0/3) Vaults:2     Depths (0/5) D:15          IceCv (visited)
Volcano (visited)         Gauntlet (visited)

Altars:
Ashenzari
Cheibriados
Dithmenos
Elyvilon
Fedhas
Gozag
Hepliaklqana
Kikubaaqudgha
Makhleb
Nemelex Xobeh
Okawaru
Qazlal
Ru
Sif Muna
Trog
Uskayaw
Vehumet
Wu Jian
Xom
Yredelemnul
Zin
The Shining One
Beogh

Shops:
D:9 %   Orc:2 %:!(   Elf:1 }   Shoals:3 :   Snake:3 *[?(   Vaults:4 *

Portals:
Hell: Lair:6
Pandemonium: Orc:2

Annotations:
Shoals:2 1 exclusion
Elf:1 6 runed translucent doors
Vaults:2 3 runed translucent doors, namobuddhaya's ghost, adept DDFi


Innate Abilities, Weirdness & Mutations

((You reflexively headbutt those who attack you in melee.))
((You have a pair of horns on your head.))


Message History

Your quicksilver dragon scales melds into your body.
You feel hot and cold all over.
You feel rather sluggish.
Your roots penetrate the ground.
Your two-headed ogre rages.
The deep elf mage casts a spell.
The deep elf mage blinks!
The titan hits you!!
* * * LOW HITPOINT WARNING * * *
You impale the ironheart preserver!!
The ironheart preserver is moderately wounded.
The vault warden hits you but does no damage.
You puncture the ironheart preserver!
The ironheart preserver is moderately wounded.
Your two-headed ogre hits the vault sentinel with a +0 giant club!!
The vault sentinel dies!
Trog accepts your kill.
Trog appreciates your killing of a magic user.
The vault warden hits you but does no damage.
The titan waves its arms in wide circles.
The air twists around and strikes you!!
You die...

... ....
#### ..
... ####
..# #[$#
#. #..#
.§#
#..####♣p#
#..#
#.....ppC#
....
#.....c).#
...
#..####O.#
..# #.
#).##..#
#))....#
#))....#
#####..#
#### ..#
#}[#


You could see an ironheart preserver, a titan, 2 vault wardens, a yaktaur and a
friendly two-headed ogre (berserk).

Vanquished Creatures
  The ghost of Gaxaboav the Cloud Mage, a veteran DrAE of Vehumet (Vaults:4)
  An ancient lich (Vaults:5)
  Boris (Vaults:5)
  The ghost of SpeedRobin the Pandemonic, an adept DDFi of Makhleb (Vaults:1)
  A lich (Vaults:4)
  A titan (Vaults:4)
  2 tentacled monstrosities
  Frances (D:14)
  Gastronok (Lair:3)
  A sphinx (Vaults:4)
  2 shadow dragons
  2 tengu reavers (Vaults:5)
  7 nagarajas
  4 fire giants
  A frost giant (Vaults:3)
  2 iron dragons (Vaults:5)
  14 vault wardens
  The ghost of Xureer the Champion of Chaos, a journeyman DsGl of Makhleb (Snake:3)
  A deep elf elementalist (Vaults:4)
  7 ironheart preservers
  A war gargoyle (Vaults:4)
  Aizul (Snake:3)
  10 very ugly things
  6 stone giants
  A vampire knight (Vaults:2)
  An entropy weaver (Vaults:4)
  A minotaur (Gauntlet)
  A dire elephant (D:15)
  A large abomination (Vaults:5)
  The ghost of Campuzi the Cleaver, a journeyman MiFi of Trog (D:13)
  3 merfolk javelineers
  5 ettins
  9 merfolk impalers
  A fire dragon (Vaults:3)
  12 yaktaur captains
  3 deep elf high priests
  3 great orbs of eyes
  2 rakshasas
  29 vault guards
  14 naga warriors
  A catoblepas (D:14)
  5 ice dragons
  2 death knights
  13 hydras
  4 ogre magi
  7 merfolk aquamancers
  An alligator snapping turtle (Shoals:2)
  8 centaur warriors
  8 anacondas
  A merfolk avatar (Shoals:2)
  2 tengu warriors
  3 satyrs
  9 naga sharpshooters (Snake:4)
  4 dancing weapons
  6 orc high priests (Orc:2)
  19 two-headed ogres
  A vampire mage (Vaults:2)
  12 death yaks
  A sun demon (Lair:6)
  6 shock serpents
  7 deep elf knights
  A shadow wraith (Vaults:1)
  A fire crab (shapeshifter) (Vaults:3)
  A sixfirhy (Orc:2)
  5 deep trolls
  A skeletal warrior (D:15)
  2 salamander mystics (Snake:3)
  A torturous demonspawn (Orc:2)
  17 orc knights
  2 glowing orange brains
  2 flayed ghosts
  18 sea snakes
  A gelid demonspawn (Orc:2)
  An infernal demonspawn (Orc:2)
  5 wizards
  10 ironbrand convokers
  Pikel (D:6)
  3 unseen horrors
  A lindwurm (Lair:5)
  2 deep elf archers (Elf:1)
  9 naga ritualists
  A shadow dragon skeleton (Vaults:4)
  7 deep elf magi
  20 harpies
  11 mana vipers
  8 orc sorcerers
  3 necromancers
  5 wolf spiders
  A salamander (shapeshifter) (D:13)
  2 slime creatures
  23 ugly things
  An oklob plant (Lair:6)
  13 salamanders
  12 fauns
  9 cyclopes
  5 elephants (Lair:5)
  A human skeleton (Vaults:4)
  9 manticores
  3 centaur zombies
  8 merfolk sirens
  2 guardian serpents
  2 smoke demons (Orc:2)
  8 water nymphs
  Joseph (D:8)
  12 vault sentinels
  30 black mambas
  2 black mambas (shapeshifter)
  2 ice statues (IceCv)
  A stone giant skeleton (Vaults:4)
  10 spiny frogs
  26 naga magi
  10 komodo dragons
  4 freezing wraiths
  2 kobold demonologists
  2 orange demons
  5 centaur skeletons
  38 yaktaurs
  A human zombie (Vaults:4)
  6 rime drakes (Lair:6)
  A tengu conjurer (D:13)
  An efreet (D:13)
  11 ice devils
  3 hellwings
  21 merfolk
  6 trolls
  A red devil (Lair:6)
  A troll (shapeshifter) (Vaults:3)
  A shadow dragon simulacrum (Vaults:4)
  A tyrant leech (Gauntlet)
  8 wind drakes
  Grinder (D:6)
  2 hornets
  A polar bear (Lair:4)
  15 blink frogs
  2 wind drakes (shapeshifter)
  10 snapping turtles
  A harpy skeleton (D:15)
  8 hippogriffs
  A hippogriff (shapeshifter) (Vaults:4)
  15 dream sheep
  2 human simulacra
  A meliai zombie (D:8)
  2 shadows (D:14)
  A tarantella (shapeshifter) (Vaults:2)
  5 water elementals
  A redback (Vaults:4)
  2 air elementals (Elf:1)
  A centaur simulacrum (D:15)
  47 yaks
  A yak (shapeshifter) (Vaults:1)
  8 wraiths
  4 wyverns
  A ynoxinul (Orc:2)
  5 fire elementals
  A fire bat (Volcano)
  2 vampires
  2 chaos spawn (Orc:2)
  4 basilisks
  A steam dragon (D:12)
  2 golden eyes (shapeshifter)
  2 swamp worms (Gauntlet)
  A hungry ghost (D:15)
  52 nagas
  A soldier ant (D:15)
  6 hell hounds
  5 wargs
  4 acid dragons
  11 water moccasins
  8 porcupines
  Duvessa (D:7)
  44 orc warriors
  2 black bears
  2 sky beasts
  3 ice beasts
  An elf zombie (Vaults:4)
  3 slaves (D:6)
  5 phantoms
  A necrophage (D:7)
  21 ogres
  An eye of draining (D:15)
  24 wolves
  A wolf (shapeshifter) (Vaults:3)
  28 centaurs
  16 crocodiles
  4 big kobolds
  12 bullfrogs
  A wyvern zombie (D:8)
  An earth elemental (Elf:1)
  Dowan (D:7)
  A water moccasin zombie (D:8)
  2 wyvern skeletons
  4 scorpions
  An elf simulacrum (Vaults:3)
  6 killer bees
  5 wights (D:10)
  2 electric eels (D:11)
  4 howler monkeys
  4 lava snakes (Volcano)
  7 crimson imps
  3 draconian simulacra (IceCv)
  2 quasits
  9 hounds
  2 jellies
  28 orc priests
  16 orc wizards
  Ijyb (D:3)
  2 iguanas
  4 hell rats (Lair:6)
  2 bullfrog skeletons
  A troll simulacrum (IceCv)
  9 worker ants
  A spriggan simulacrum (IceCv)
  3 hound zombies
  A howler monkey zombie (D:8)
  Robin (D:3)
  4 gnolls
  8 adders
  4 naga simulacra (IceCv)
  An ogre simulacrum (IceCv)
  8 shadow imps
  3 white imps
  An ooze (D:6)
  An adder zombie (D:9)
  A worm (D:2)
  3 leopard geckos
  81 orcs
  A ball python (D:3)
  4 bats
  2 giant cockroaches
  13 goblins
  15 hobgoblins
  3 jackals (D:4)
  26 kobolds
  A quokka (D:12)
  4 frilled lizards
  A jackal zombie (D:6)
  2 leopard gecko zombies
  5 rats
  3 butterflies (Lair:5)
  3 fungi
  8 plants
  3 withered plants (D:8)
1463 creatures vanquished.

Vanquished Creatures (collateral kills)
  Vashnia (Snake:4)
  A golden dragon (Vaults:5)
  Asterion (Snake:3)
  A tentacled monstrosity (Vaults:5)
  A quicksilver dragon (Vaults:5)
  A shadow dragon (Vaults:5)
  4 vault wardens
  A war gargoyle (Vaults:5)
  5 ironheart preservers
  A stone giant (Vaults:5)
  2 deep elf demonologists (Elf:1)
  Azrael (Snake:1)
  A deep elf death mage (Vaults:5)
  A hydra (D:14)
  7 vault guards
  An ogre mage (Vaults:5)
  An anaconda (Snake:1)
  3 naga sharpshooters
  A shadow wraith (Vaults:5)
  2 flayed ghosts (Vaults:5)
  A naga ritualist (Snake:1)
  2 ironbrand convokers (Vaults:1)
  A deep elf mage (Elf:1)
  A phantasmal warrior (Vaults:5)
  An orc knight (Vaults:4)
  A necromancer (Vaults:4)
  2 deep elf archers (Elf:1)
  A cyclops (D:14)
  A salamander (Snake:1)
  4 vault sentinels
  3 black mambas (Snake:1)
  A gargoyle (D:14)
  5 yaktaurs
  A merfolk (Shoals:4)
  A water elemental (Elf:1)
  2 swamp worms (Gauntlet)
  A naga (Snake:1)
  2 orc warriors
  An ogre (Vaults:4)
  An earth elemental (Elf:1)
70 creatures vanquished.

Vanquished Creatures (others)
  A sea snake (Shoals:3)
  An orc sorcerer (Elf:1)
  A black mamba (Snake:4)
  An ogre (Vaults:2)
  An orc priest (Elf:1)
  3 ball lightnings (Vaults:4)
  6 orcs (Elf:1)
  9 fungi
  17 plants
40 creatures vanquished.

Grand Total: 1573 creatures vanquished

Notes
Turn   | Place    | Note
-------+----------+-------------------------------------------
     0 | D:1      | foamingjetty the Minotaur Berserker began the quest for the
                  | Orb.
     0 | D:1      | Reached XP level 1. HP: 19/19 MP: 0/0
   156 | D:1      | Reached XP level 2. HP: 25/27 MP: 1/1
   164 | D:1      | Reached skill level 4 in Fighting
   423 | D:2      | Reached XP level 3. HP: 25/34 MP: 2/2
   516 | D:2      | Reached ** piety under Trog
   516 | D:2      | Reached XP level 4. HP: 41/41 MP: 3/3
   637 | D:2      | Found a shimmering blue altar of Sif Muna.
   826 | D:3      | Identified the +3 helmet of Eternal Night {+Blink rF- MP+9}
   826 | D:3      | Noticed Robin
   855 | D:3      | Killed Robin
   855 | D:3      | Reached skill level 5 in Fighting
  1149 | D:3      | Reached XP level 5. HP: 29/48 MP: 4/4
  1328 | D:3      | Found a faded altar of an unknown god.
  1400 | D:3      | Reached skill level 5 in Polearms
  1446 | D:3      | Noticed Ijyb
  1460 | D:3      | Killed Ijyb
  1682 | D:3      | Noticed an ogre
  1700 | D:3      | Killed an ogre
  1700 | D:3      | Reached XP level 6. HP: 50/56 MP: 5/5
  1715 | D:3      | Found a bloodstained altar of Trog.
  1715 | D:3      | Found a sparkling altar of Nemelex Xobeh.
  1715 | D:3      | Found an iron altar of Okawaru.
  1715 | D:3      | Found a glowing golden altar of the Shining One.
  1746 | D:3      | Found a glowing silver altar of Zin.
  1750 | D:3      | Found a sacrificial altar of Ru.
  1856 | D:4      | Reached *** piety under Trog
  1960 | D:4      | Reached skill level 1 in Throwing
  2650 | D:5      | Entered Level 5 of the Dungeon
  2781 | D:5      | Found a staircase to the Ecumenical Temple.
  2798 | D:5      | Reached XP level 7. HP: 61/61 MP: 6/6
  3035 | Temple   | Entered the Ecumenical Temple
  3306 | D:6      | Noticed Grinder
  3316 | D:6      | Killed Grinder
  3316 | D:6      | Reached skill level 5 in Armour
  3329 | D:6      | Reached skill level 6 in Fighting
  3343 | D:6      | Paralysed by a centaur for 6 turns
  3355 | D:6      | Reached XP level 8. HP: 40/71 MP: 7/7
  3559 | D:6      | Noticed a hippogriff
  3595 | D:6      | Killed a hippogriff
  3903 | D:6      | Noticed Pikel
  3914 | D:6      | Killed Pikel
  3914 | D:6      | Reached skill level 10 in Polearms
  3914 | D:6      | Reached skill level 1 in Stealth
  3970 | D:6      | Reached skill level 7 in Fighting
  3979 | D:6      | Reached **** piety under Trog
  4173 | D:7      | Reached XP level 9. HP: 79/79 MP: 8/8
  4687 | D:7      | Noticed Dowan
  4688 | D:7      | Noticed Duvessa
  4700 | D:7      | Killed Duvessa
  4701 | D:7      | Killed Dowan
  5025 | D:8      | Noticed Joseph
  5162 | D:8      | Killed Joseph
  5162 | D:8      | Reached skill level 8 in Fighting
  5192 | D:8      | Found a shattered altar of Ashenzari.
  5248 | D:8      | Noticed a hellwing
  5258 | D:8      | Noticed a hellwing
  5259 | D:8      | Killed a hellwing
  5259 | D:8      | Reached XP level 10. HP: 90/90 MP: 9/9
  5301 | D:8      | Reached skill level 9 in Fighting
  5812 | D:8      | Got a slimy shield
  6017 | D:9      | Got a shimmering great sword
  6281 | D:9      | Found Overhe Vubyq's Food Boutique.
  6363 | D:9      | Upgraded the game from 0.24.0-13-gcf9b319 to
                  | 0.24.1-14-gf8d2b50
  6391 | D:10     | Entered Level 10 of the Dungeon
  6432 | D:10     | Identified the +5 great sword of the Ecumenical Temple
                  | {chaos, +Rage rPois Int+3} (You found it on level 9 of the
                  | Dungeon)
  6444 | D:10     | Reached ***** piety under Trog
  6620 | D:10     | Noticed a two-headed ogre
  6634 | D:10     | Killed a two-headed ogre
  6896 | D:10     | Noticed a two-headed ogre
  6902 | D:10     | Killed a two-headed ogre
  6902 | D:10     | Reached XP level 11. HP: 99/99 MP: 10/10
  6937 | D:10     | Reached skill level 10 in Fighting
  6944 | D:10     | Reached skill level 1 in Shields
  6984 | D:10     | Noticed a tengu warrior
  7001 | D:10     | Killed a tengu warrior
  7273 | D:11     | Found a sacrificial altar of Ru.
  7290 | D:11     | Received a gift from Trog
  7326 | D:11     | Reached skill level 5 in Throwing
  7454 | D:11     | Noticed a two-headed ogre
  7465 | D:11     | Killed a two-headed ogre
  7467 | D:11     | Noticed a green ugly thing
  7469 | D:11     | Noticed a purple ugly thing
  7473 | D:11     | Killed a green ugly thing
  7473 | D:11     | Reached skill level 10 in Armour
  7484 | D:11     | Killed a purple ugly thing
  7484 | D:11     | Reached skill level 11 in Fighting
  7488 | D:11     | Received a gift from Trog
  7569 | D:11     | Reached skill level 5 in Shields
  8142 | D:11     | Found a staircase to the Orcish Mines.
  8151 | D:11     | Found a staircase to the Lair.
  8228 | D:11     | You fall into a shaft and drop 3 floors!
  8228 | D:14     | Noticed a seven-headed hydra
  8229 | D:14     | Noticed an unseen horror
  8235 | D:14     | Killed an unseen horror
  8235 | D:14     | Reached skill level 1 in Slings
  8244 | D:14     | Killed a seven-headed hydra
  8542 | D:14     | Noticed a rakshasa
  8566 | D:14     | Killed a rakshasa
  8566 | D:14     | Reached XP level 12. HP: 34/110 MP: 4/11
  8625 | D:14     | Reached skill level 5 in Dodging
  8820 | D:14     | Noticed a centaur warrior
  8833 | D:14     | Killed a centaur warrior
  8930 | D:12     | Found a gate leading to a gauntlet.
  8934 | Gauntlet | Entered a Gauntlet
  8934 | Gauntlet | Found a transporter.
  8943 | Gauntlet | Found a transporter.
  8955 | Gauntlet | Found a transporter.
  8959 | Gauntlet | Found a transporter.
  8969 | Gauntlet | Found a transporter.
  8990 | Gauntlet | Found a transporter.
  8993 | Gauntlet | Found a transporter.
  8997 | Gauntlet | Found a transporter.
  9024 | Gauntlet | Noticed a reaper
  9026 | Gauntlet | Found a runed translucent gate.
  9027 | Gauntlet | Found a transporter.
  9027 | Gauntlet | Found a runed translucent gate.
  9028 | Gauntlet | Found a runed translucent gate.
  9039 | Gauntlet | Found a transporter.
  9043 | Gauntlet | Found a transporter.
  9052 | Gauntlet | Noticed a death scarab
  9053 | Gauntlet | Found a transporter.
  9064 | Gauntlet | Noticed a death scarab
  9196 | Gauntlet | Received a gift from Trog
  9225 | Gauntlet | Got a crude tin ring
  9229 | Gauntlet | Got transparent fire dragon scales
  9263 | Gauntlet | Identified the cursed +0 fire dragon scales of the Battered
                  | Souls {rElec rF++ rC- MP-9 Int+8 Dex-4} (You found it in a
                  | Gauntlet)
  9382 | Gauntlet | Reached skill level 12 in Fighting
  9401 | Gauntlet | Got a crude bronze ring
  9490 | Gauntlet | Identified the cursed +0 lajatang of Cusaw {slice, *Noise
                  | rC+ Int+3}
  9490 | Gauntlet | Noticed a minotaur
  9506 | Gauntlet | Killed a minotaur
  9533 | Gauntlet | Identified Sif Muna's Compendium of Dislocation
  9548 | Gauntlet | Found the +8 trident of the Octopus King {venom, rElec
                  | rPois MR+}
  9683 | Lair:1   | Entered Level 1 of the Lair of Beasts
 10365 | Lair:2   | Noticed a four-headed hydra
 10376 | Lair:2   | Killed a four-headed hydra
 10433 | Lair:2   | Found a staircase to the Snake Pit.
 10504 | Lair:2   | Received a gift from Trog
 10521 | Lair:2   | Reached XP level 13. HP: 112/119 MP: 12/12
 10754 | Lair:2   | Found a staircase to the Shoals.
 10901 | Lair:2   | Identified the ring of Trepidation {rC+ rN+ Int+7} (You
                  | found it in a Gauntlet)
 11022 | Lair:2   | Identified the ring "Saus" {MR++ rCorr Str+2 Int+4 Stlth-}
                  | (You found it in a Gauntlet)
 11075 | Snake:1  | Entered Level 1 of the Snake Pit
 11090 | Snake:1  | Reached skill level 13 in Fighting
 11203 | Snake:1  | Reached skill level 10 in Shields
 11942 | Snake:1  | Noticed Azrael
 11952 | Snake:1  | Killed Azrael
 12220 | Snake:2  | Reached skill level 14 in Fighting
 12285 | Snake:2  | Received a gift from Trog
 12545 | Lair:3   | Reached XP level 14. HP: 128/133 MP: 13/13
 12754 | Lair:3   | Noticed Gastronok
 12790 | Lair:3   | Killed Gastronok
 12870 | Lair:3   | Received a gift from Trog
 13103 | Lair:3   | Got a sparkling jade ring
 13307 | Lair:3   | Identified the ring of Lady Luck {rCorr Str+2 Stlth+} (You
                  | found it on level 3 of the Lair of Beasts)
 14039 | Lair:4   | Reached skill level 15 in Fighting
 14178 | Lair:5   | Found a frozen archway.
 14211 | IceCv    | Entered an ice cave
 14569 | IceCv    | Got a scorched scale mail
 14581 | IceCv    | Identified the cursed +0 scale mail of Evolution {Int+2}
                  | (You found it in an ice cave)
 14585 | IceCv    | Got a jewelled demon trident
 14586 | IceCv    | Identified the cursed +1 demon trident "Amosedof" {drain,
                  | +Rage Str+4} (You found it in an ice cave)
 14760 | Lair:5   | Found a dark tunnel.
 14801 | Volcano  | Entered a volcano
 15080 | Lair:5   | Received a gift from Trog
 15309 | Lair:5   | Received a gift from Trog
 15593 | Lair:6   | Entered Level 6 of the Lair of Beasts
 15717 | Lair:6   | Reached skill level 16 in Fighting
 15725 | Lair:6   | Reached XP level 15. HP: 129/144 MP: 14/14
 15826 | Lair:6   | Found a staircase to the Slime Pits.
 16380 | Lair:6   | Reached ****** piety under Trog
 16454 | Lair:6   | Found a burning altar of Makhleb.
 16458 | Lair:6   | Reached skill level 10 in Dodging
 16464 | Lair:6   | Received a gift from Trog
 16486 | Lair:6   | Found a gateway to Hell.
 16637 | Lair:6   | Reached skill level 15 in Shields
 16913 | Orc:1    | Entered Level 1 of the Orcish Mines
 17147 | Orc:1    | Found a roughly hewn altar of Beogh.
 17203 | Orc:2    | Entered Level 2 of the Orcish Mines
 17292 | Orc:2    | Received a gift from Trog
 17423 | Orc:2    | Received a gift from Trog
 17523 | Orc:2    | Found a staircase to the Elven Halls.
 17619 | Orc:2    | Reached skill level 17 in Fighting
 17650 | Orc:2    | Found Kidonn's Distillery.
 17670 | Orc:2    | Found Safon's Food Emporium.
 18000 | Orc:2    | Found Fameludgh's Antique Weapon Boutique.
 18000 | Orc:2    | Found Neysuhede's Book Shop.
 18001 | Orc:2    | Found a one-way gate leading to the halls of Pandemonium.
 18363 | Elf:1    | Entered Level 1 of the Elven Halls
 18631 | Elf:1    | Found Teasuevo's Gadget Emporium.
 18776 | Elf:1    | Received a gift from Trog
 19241 | Elf:1    | Reached XP level 16. HP: 100/157 MP: 15/15
 19257 | Elf:1    | Reached skill level 18 in Fighting
 19269 | Elf:1    | Noticed a Brimstone Fiend
 19515 | Elf:1    | Found a runed translucent gate.
 19515 | Elf:1    | Found a runed translucent gate.
 19515 | Elf:1    | Found a runed translucent gate.
 19515 | Elf:1    | Found a runed translucent gate.
 19515 | Elf:1    | Found a runed translucent gate.
 19516 | Elf:1    | Noticed a shadow dragon
 19516 | Elf:1    | Noticed a storm dragon
 19517 | Elf:1    | Found a runed translucent gate.
 19534 | Elf:1    | Got a pair of transparent gloves
 19618 | Orc:2    | Identified the +3 pair of gloves of Baldness {rElec rCorr
                  | Str-3} (You found it on level 1 of the Elven Halls)
 20841 | D:13     | Received a gift from Trog
 21052 | D:13     | Found a runed translucent door.
 21054 | D:13     | Noticed Campuzi's ghost (journeyman MiFi)
 21077 | D:13     | Killed Campuzi's ghost
 21279 | D:13     | Found a gate to the Vaults.
 21564 | D:14     | Noticed Frances
 21595 | D:14     | Killed Frances
 21947 | D:15     | Entered Level 15 of the Dungeon
 22240 | D:15     | Reached skill level 19 in Fighting
 22340 | D:15     | Found a staircase to the Depths.
 22841 | D:15     | Received a gift from Trog
 23577 | Snake:3  | Received a gift from Trog
 23578 | Snake:3  | Identified the +7 trident of Orb Guardian's Foe {pierce,
                  | Stlth+} (Trog gifted it to you on level 3 of the Snake Pit)
 23593 | Snake:3  | Found a runed translucent door.
 23763 | Snake:3  | Noticed Xureer's ghost (journeyman DsGl)
 23815 | Snake:3  | Killed Xureer's ghost
 23815 | Snake:3  | Reached skill level 20 in Fighting
 23931 | Snake:3  | Found Inuqolit's Antique Armour Boutique.
 23953 | Snake:3  | Reached XP level 17. HP: 114/170 MP: 16/16
 23964 | Snake:3  | Found Maebuaq's Weapon Shop.
 23964 | Snake:3  | Found Akaikea's General Store.
 23967 | Snake:3  | Found Ugae's Magic Scroll Shop.
 24566 | Snake:4  | Entered Level 4 of the Snake Pit
 24566 | Snake:4  | Noticed Asterion
 24595 | Snake:3  | Killed Asterion
 24620 | Snake:4  | Noticed Aizul
 24639 | Snake:3  | Killed Aizul
 25204 | Snake:4  | Reached skill level 21 in Fighting
 25275 | Snake:4  | Received a gift from Trog
 25383 | Snake:4  | Got a dazzling spear {god gift}
 25384 | Snake:4  | Identified the +9 spear of Earthquakes {vamp, Dex+4} (Trog
                  | gifted it to you on level 4 of the Snake Pit)
 25834 | Snake:4  | Got a serpentine rune of Zot
 25884 | Snake:4  | Received a gift from Trog
 26335 | Snake:4  | Found the +0 sword of Power
 26399 | Snake:4  | Noticed Vashnia
 26765 | Snake:4  | Killed Vashnia
 26765 | Snake:4  | Reached skill level 15 in Armour
 27006 | Shoals:1 | Entered Level 1 of the Shoals
 27182 | Shoals:1 | Reached skill level 22 in Fighting
 27318 | Shoals:1 | Reached XP level 18. HP: 184/184 MP: 17/17
 28180 | Shoals:2 | Received a gift from Trog
 28312 | Shoals:3 | Found Voamnu Tir's Book Emporium.
 28781 | Shoals:2 | Received a gift from Trog
 29036 | Shoals:3 | Reached XP level 19. HP: 132/193 MP: 18/18
 29119 | Shoals:3 | Reached skill level 23 in Fighting
 29706 | Shoals:4 | Entered Level 4 of the Shoals
 29831 | Shoals:4 | Got a bloodstained morningstar
 29832 | Shoals:4 | Identified the cursed +0 morningstar "Rayn" {flame, Str+6}
                  | (You found it on level 4 of the Shoals)
 30082 | Shoals:4 | Identified the +10 trident of Aruc {flame, *Slow rPois
                  | SInv} (You found it on level 4 of the Shoals)
 30459 | Shoals:4 | Received a gift from Trog
 30539 | Shoals:4 | Reached skill level 24 in Fighting
 30600 | Shoals:4 | Got a barnacled rune of Zot
 31092 | Vaults:1 | Entered Level 1 of the Vaults
 31399 | Vaults:1 | Found a runed translucent door.
 31420 | Vaults:1 | Noticed SpeedRobin's ghost (adept DDFi)
 31460 | Vaults:1 | Killed SpeedRobin's ghost
 32016 | Vaults:1 | Received a gift from Trog
 32022 | Vaults:1 | Got a steaming trident {god gift}
 32023 | Vaults:1 | Identified the +8 trident "Killer Bee's Foe" {pierce,
                  | +Blink rPois} (Trog gifted it to you on level 1 of the
                  | Vaults)
 32142 | Vaults:1 | Found a radiant altar of Vehumet.
 32586 | Vaults:2 | Reached XP level 20. HP: 202/209 MP: 19/19
 32753 | Vaults:2 | Reached skill level 1 in Evocations
 32754 | Vaults:2 | Reached skill level 25 in Fighting
 33073 | Vaults:2 | Found a staircase to the Crypt.
 33304 | Vaults:2 | Received a gift from Trog
 33512 | Vaults:2 | Found a runed translucent gate.
 33513 | Vaults:2 | Found a runed translucent gate.
 33513 | Vaults:2 | Noticed namobuddhaya's ghost (adept DDFi)
 33518 | Vaults:2 | Found a runed translucent gate.
 33759 | Vaults:2 | Reached skill level 26 in Fighting
 34553 | Vaults:3 | Received a gift from Trog
 34967 | Vaults:3 | Received a gift from Trog
 34968 | Vaults:3 | Found the +3 sling "Punk" {acid, rCorr}
 35104 | Vaults:3 | Identified a scroll of acquirement
 35116 | Vaults:3 | Identified a +1 pair of boots of running (You acquired it
                  | on level 3 of the Vaults)
 35497 | Vaults:4 | Reached skill level 27 in Fighting
 35552 | Vaults:4 | Reached XP level 21. HP: 178/224 MP: 20/20
 35690 | Vaults:4 | Found Burak's Assorted Antiques.
 35729 | Vaults:4 | Received a gift from Trog
 35884 | Vaults:4 | Found a runed translucent gate.
 35884 | Vaults:4 | Found a runed translucent gate.
 35884 | Vaults:4 | Found a runed translucent gate.
 35884 | Vaults:4 | Noticed Gaxaboav's ghost (veteran DrAE)
 35995 | Vaults:4 | HP: 10/224 [war gargoyle/+1 dire flail of protection (14)]
 36104 | Vaults:4 | Received a gift from Trog
 36130 | Vaults:4 | Got a smoking halberd {god gift}
 36136 | Vaults:4 | Identified the +9 halberd of Conversion {protect, +Blink
                  | Int+4 Dex+3} (Trog gifted it to you on level 4 of the
                  | Vaults)
 36898 | Vaults:4 | Killed Gaxaboav's ghost
 36926 | Vaults:4 | Got an ichor-stained ring mail
 36996 | Vaults:4 | Identified the cursed +0 ring mail "Xahoen" {rPois Int+2
                  | Stlth-} (You found it on level 4 of the Vaults)
 37307 | Vaults:5 | Entered Level 5 of the Vaults
 37322 | Vaults:4 | Received a gift from Trog
 37617 | Vaults:4 | Received a gift from Trog
 37790 | Vaults:5 | Identified the +1 leather armour of Nihilism {rC+ rCorr}
 38266 | Vaults:5 | Reached XP level 22. HP: 197/233 MP: 21/21
 38267 | Vaults:5 | Noticed a golden dragon
 38277 | Vaults:5 | Killed a golden dragon
 38301 | Vaults:5 | Noticed an ancient lich
 38309 | Vaults:5 | Killed an ancient lich
 38370 | Vaults:5 | Noticed Boris
 38405 | Vaults:5 | Killed Boris
 38405 | Vaults:5 | Received a gift from Trog
 38438 | Vaults:5 | Noticed a golden dragon
 38471 | Vaults:5 | HP: 17/349 [titan (24)]
 38473 | Vaults:5 | Killed from afar by a titan

Levels and vault maps discovered:
D:1:      scummos_arrival_hexagon, layout_basic, minmay_heptomino_l4
D:2:      layout_rooms, led_sif_pool
D:3:      layout_loops_cross, minmay_overflow_temple_hex, first_ration,
          chequers_ecumenical_altar_island, uniq_robin, uniq_ijyb
D:4:      layout_basic
D:5:      layout_cave_pools, minmay_temple_entry_antechambers,
          kennysheep_generic_room_13
D:6:      layout_loops_ring, uniq_grinder, uniq_pikel
D:7:      layout_basic, glass_columns_a, uniq_duvessa
D:8:      cheibrodos_grave_circle, layout_basic, nicolae_ashenzari_panopticon,
          uniq_joseph
D:9:      layout_cave_pools, serial_shops, shop_statue
D:10:     layout_long_grid, grunt_tengu_nest
D:11:     layout_loops_cross, erik_lair_island, orc_0_dummy,
          minmay_misc_feat_five, nicolae_ru_awakened_eye
D:12:     layout_gridville, gauntlet_entry_generic, lightli_fourway_metalbox
D:13:     layout_irregular_city, erik_vaults_1, hellmonk_ghost_happy_afterlife,
          kennysheep_generic_room_3
D:14:     layout_roguey, hangedman_decor_push, feat_on_display, uniq_frances
D:15:     hangedman_depths_entry_try_elsewhere_first, layout_basic,
          serial_glass, glass_columns_a, glass_columns_a,
          minmay_strange_pillars, feat_on_display, minmay_strange_pillars,
          due_unseen_surprise, hangedman_abyss_or_decor_stabs
Temple:   regret_index_temple_waves
Lair:1:   layout_loops_ring, nicolae_lair_grove_arrangements,
          hangedman_lair_unloving_vines
Lair:2:   layout_gridlike, minmay_shoals_entry_lonely_mermaid,
          beast_lair_carwin_8
Lair:3:   layout_small_grid, minivault_25, uniq_gastronok
Lair:4:   beast_lair_carwin_large_2, layout_small_grid,
          nicolae_quartered_pool_medium, st_stairs_13,
          chequers_serial_rivers_small_b, minmay_holes
Lair:5:   layout_gridlike, nicolae_volcano_entry_vermiform,
          portal_ice_cave_entry_pillars_1, beast_lair_carwin_9,
          lemuel_fruit_fields
Lair:6:   evil_forest, layout_regular_city, minmay_slime_entry_oklob_enclosed,
          lemuel_fruit_tree, infiniplex_staircase_pool
Shoals:1: layout_shoals
Shoals:2: layout_shoals
Shoals:3: cheibrodos_shoals_three_sisters, layout_shoals, serial_shops, shop
Shoals:4: shoals_end_simple, layout_shoals, nicolae_shoals_seven_spires
Snake:1:  layout_onion, uniq_azrael
Snake:2:  layout_misc_corridors
Snake:3:  layout_gridlike, gammafunk_ghost_grave, hangedman_snake_pattern,
          minmay_shoptagon
Snake:4:  snake_pit, layout_layer_cave, uniq_aizul, uniq_asterion, uniq_vashnia
Orc:1:    layout_caves, basic_altar
Orc:2:    pf_orc_diabolical, layout_caves
Elf:1:    layout_loops_corners, serial_shops, shop, orc_legates,
          chequers_hall_statues_wall_a, dk_noncrumbling_3
Vaults:1: ebering_vaults_ghost_reflecting_pool, v_misc_23,
          ontoclasm_vaults_pinch, hangedman_vaults_maws, v_alt_pattern_5,
          v_misc_19, vaults_room_door_ring, vaults_room_door_ring,
          layout_vaults_omnigrid, basic_altar
Vaults:2: gammafunk_vaults_ghost_split, v_misc_18, nicolae_vaults_meeting,
          serial_ice_g, nicolae_vaults_little_squares_1,
          nicolae_vaults_little_squares_3, nicolae_vaults_yaktaur_gun_rack,
          vaults_room_pools, vaults_room_fours, nicolae_vaults_little_squares_4,
          nicolae_vaults_network_periphery, layout_vaults_big_room,
          minmay_crypt_entry_simple_round
Vaults:3: vaults_room_boxed, ontoclasm_vaults_chip,
          nicolae_vaults_network_barrier, nicolae_vaults_mini_display_case,
          v_pattern_4, v_misc_10, ontoclasm_vaults_gateway,
          grunt_vaults_hallway_short, layout_vaults_omnicross
Vaults:4: gammafunk_vaults_ghost_split, ontoclasm_vaults_ring_square,
          nicolae_vaults_circle_grid_b, v_misc_33, v_alt_pattern_6,
          st_octagons_2, dpeg_vaults_monster_box, vaults_room_mumra_shop_pool,
          grunt_vaults_trifunnel, hangedman_vaults_nodes, vaults_mumra_lcd,
          hangedman_vaults_slice, vaults_room_pools, nicolae_vaults_asterisk,
          v_misc_25, layout_vaults_maze
Vaults:5: uniq_boris

Skill      XL: |  1  2  3  4  5  6  7  8  9 10 11 12 13 14 15 16 17 18 19 20 21 22 |
---------------+-------------------------------------------------------------------+-----
Fighting       | 4 5 6 7 8 9 11 12 14 16 17 20 22 24 27 | 27.0
Polearms       | 4 5 6 8 10 12 14 | 14.0
Armour         | 3 4 5 6 7 9 10 12 13 14 15 16 21 22 | 22.7
Dodging        | 3 4 6 8 9 10 12 13 | 13.9
Throwing       | 1 2 4 5 |  5.9
Stealth        | 1 2 |  2.0
Shields        | 5 9 11 14 15 16 | 16.8
Slings         | 1 |  1.3
Evocations     | 1 |  1.0

Action                   |  1- 3 |  4- 6 |  7- 9 | 10-12 | 13-15 | 16-18 | 19-21 | 22-24 || total
-------------------------+-------+-------+-------+-------+-------+-------+-------+-------++-------
Melee: Spear             |    44 |    46 |       |       |       |       |       |       ||    90
       Headbutt          |     8 |    15 |    27 |   143 |   280 |   329 |   347 |    34 ||  1183
       Trident           |       |    86 |   212 |   647 |  1443 |  1730 |   407 |       ||  4525
       Demon trident     |       |       |       |       |       |       |  1291 |   127 ||  1418
 Fire: Hunting sling     |       |       |       |     3 |       |       |       |       ||     3
Throw: Dart              |       |     8 |    23 |    55 |     7 |       |       |       ||    93
       Javelin           |       |       |       |     2 |    94 |    39 |    12 |       ||   147
       Throwing net      |       |       |       |       |     2 |       |       |       ||     2
Invok: Berserk           |       |     1 |     2 |     4 |       |     1 |     4 |     1 ||    13
       Trog's Hand       |       |     1 |       |     6 |     5 |     5 |     6 |     5 ||    28
       Brothers in Arms  |       |       |       |     3 |     2 |     5 |     9 |     4 ||    23
 Abil: Evoke Blink       |       |       |       |       |       |       |     2 |     1 ||     3
Evoke: Wand              |       |       |       |       |     1 |     1 |       |       ||     2
       Box of beasts     |       |       |       |       |       |       |     1 |     1 ||     2
       Phial of floods   |       |       |       |       |       |       |     1 |     1 ||     2
  Use: Potion            |       |     1 |       |     2 |       |     6 |     2 |     3 ||    14
       Scroll            |       |     8 |     1 |    11 |    18 |    13 |    17 |     2 ||    70
 Stab: Distracted        |       |       |       |     3 |     1 |       |     1 |       ||     5
       Sleeping          |       |       |       |     1 |     1 |       |       |       ||     2
  Eat: Chunk             |       |     3 |     9 |    16 |    18 |    17 |    46 |       ||   109
       Ration            |       |     1 |       |     3 |     4 |     6 |       |       ||    14
Armor: Animal skin       |     2 |       |       |       |       |       |       |       ||     2
       Ring mail         |     3 |    14 |       |       |       |       |       |       ||    17
       Chain mail        |       |    15 |    46 |   126 |       |       |       |       ||   187
       Quicksilver drago |       |       |       |    15 |   195 |   193 |   231 |    31 ||   665
       Skin              |       |       |       |       |       |       |       |     2 ||     2
Dodge: Dodged            |    23 |    39 |    42 |   111 |   277 |   388 |   437 |    45 ||  1362
Block: Shield            |       |       |       |   144 |   525 |   732 |   731 |    76 ||  2208
